 Dungeon Crawl Stone Soup version 0.19-a0-1732-g0b18a7b (webtiles) character file.

163 Ijustatesigmund the Magician (level 5, -2/24 HPs)
             Began as a Spriggan Wizard on Sept 30, 2016.
             Killed by nerve-wracking pain
             ... invoked by Menkaure
              (13 damage)
             ... on level 5 of the Dungeon.
             The game lasted 00:12:09 (3648 turns).

Ijustatesigmund the Magician (Spriggan Wizard)      Turns: 3648, Time: 00:12:10

Health: -2/24      AC:  2    Str:  4    XL:     5   Next: 20%
Magic:  10/15      EV: 18    Int: 20    God:
Gold:   219        SH:  0    Dex: 14    Spells: 5 memorised, 7 levels left

rFire  . . .     SeeInvis +     f - +3 dagger (venom)
rCold  . . .     Gourm    .     a - +0 robe
rNeg   . . .     Faith    .     (shield restricted)
rPois  .         Spirit   .     b - +0 hat
rElec  .         Dismiss  .     (no cloak)
rCorr  .         Reflect  .     (gloves unavailable)
MR     .....     Harm     .     (boots unavailable)
Stlth  ++........               (no amulet)
                                (no ring)
                                (no ring)

@: repel missiles, very quick
A: unfitting armour, see invisible, herbivore 3, speed 3, slow metabolism 2
a: no special abilities


You were on level 5 of the Dungeon.
You were not hungry.

You visited 1 branch of the dungeon, and saw 5 of its levels.

You collected 219 gold pieces.

Inventory:

Hand Weapons
 e - a +1 dagger
 f - a +3 dagger of venom (weapon)
Armour
 a - a +0 robe (worn)
 b - a +0 hat (worn)
 w - a +0 buckler
Wands
 o - a wand of confusion (21/48)
 q - a wand of slowing (37/48)
 u - a wand of confusion (17/48)
 y - a wand of polymorph (1/24)
Scrolls
 p - 2 scrolls of remove curse
 r - a scroll of teleportation
 s - a scroll of amnesia
Potions
 g - 3 potions of curing
 h - a potion of flight
 k - 2 potions of heal wounds
 l - a potion of resistance {unknown}
 m - a potion of berserk rage {unknown}
 n - 2 potions of brilliance {unknown}
Books
 c - a book of Minor Magic

   Spells                             Type                      Level
   a - Magic Dart                     Conjuration                  1
   b - Blink                          Translocation                2
   c - Call Imp                       Summoning                    2
   d - Repel Missiles                 Charms/Air                   2
   e - Slow                           Hexes                        2
   f - Conjure Flame                  Conjuration/Fire             3
   g - Mephitic Cloud                 Conjuration/Poison/Air       3
 v - a book of Frost

   Spells                             Type                      Level
   a - Freeze                         Ice                          1
   b - Throw Frost                    Conjuration/Ice              2
   c - Ozocubu's Armour               Charms/Ice                   3
   d - Throw Icicle                   Conjuration/Ice              4
   e - Summon Ice Beast               Ice/Summoning                4
Comestibles
 d - 5 bread rations
 i - 9 fruits
 j - 2 slices of pizza


   Skills:
 - Level 3.0 Dodging
 - Level 3.0 Stealth
 - Level 6.5 Spellcasting
 + Level 1.3 Conjurations
 - Level 0.7 Summonings
 - Level 1.5 Translocations
 + Level 1.0 Air Magic
 + Level 1.1 Poison Magic


You had 7 spell levels left.
You knew the following spells:

 Your Spells              Type           Power        Failure   Level  Hunger
a - Magic Dart            Conj           ##..         10%         1    None
b - Blink                 Tloc           N/A          10%         2    None
c - Repel Missiles        Chrm/Air       #.....       14%         2    None
d - Call Imp              Summ           #.......     14%         2    None
e - Mephitic Cloud        Conj/Pois/Air  ##......     21%         3    #......


Dungeon Overview and Level Annotations

Branches:
Dungeon (5/15)
 Temple: D:4-7

Altars:
Ashenzari
Hepliaklqana
Kikubaaqudgha
The Shining One

Annotations:
D:5 Menkaure


Innate Abilities, Weirdness & Mutations

You are very small and have problems with some larger weapons.
You are too small for most types of armour.
You have supernaturally acute eyesight. (SInv)
You are a herbivore.
You cover ground extremely quickly.
You need consume almost no food.


Message History

Menkaure points at you and mumbles some strange words.
You resist with significant effort.
Evoke which item? (* to show all) (? for menu, Esc to quit)
Zapping:
y - a wand of polymorph {zapped: 10} (will waste charges)
Press: ? - help, Shift-Dir - straight line, f/p - Menkaure
Aim: Menkaure (lightly damaged, chance to defeat MR: 46%) Menkaure is unaffected.
Evoking this partially-identified wand wasted a few charges.
Evoke which item? (* to show all) (? for menu, Esc to quit)
Zapping:
y - a wand of polymorph {zapped: 13} (will waste charges)
Press: ? - help, Shift-Dir - straight line, f/p - Menkaure
Aim: Menkaure (lightly damaged, chance to defeat MR: 46%) Menkaure is unaffected.
Evoking this partially-identified wand wasted a few charges.
Menkaure calls on the powers of darkness!
Your body is wracked with pain!
Menkaure points at you and mumbles some strange words.
Pain shoots through your body!
Ouch! That really hurt!
You die...

#.....#####..
#...=..........#
#.#.#..........
#.#.#M#######.#
#.#.#.#.....#.##
#.#.#..........
#5#.#####.#.# #####
#5#...M...#.#......
#M###).....@..# #.#
#.............. .M#
#.............. ..#
#.........##### ..#
#.........#
#.........#
#...........
............


You could see Menkaure.

Vanquished Creatures
  A howler monkey (D:4)
  A crimson imp (D:5)
  A centaur skeleton (D:5)
  An adder (D:3)
  A leopard gecko (D:5)
  An orc (D:5)
  5 bats
  A giant cockroach (D:1)
  6 goblins
  11 hobgoblins
  6 jackals
  A quokka (D:3)
  A ball python (D:2)
  6 frilled lizards
  5 kobolds
  2 rats (D:1)
50 creatures vanquished.

Notes
Turn   | Place    | Note
-------+----------+-------------------------------------------
     0 | D:1      | Ijustatesigmund the Spriggan Wizard began the quest for the Orb.
     0 | D:1      | Reached XP level 1. HP: 9/9 MP: 6/6
   283 | D:1      | Reached XP level 2. HP: 13/13 MP: 1/8
   301 | D:1      | Learned a level 2 spell: Blink
   304 | D:1      | Learned a level 2 spell: Repel Missiles
   735 | D:1      | Reached skill level 5 in Spellcasting
  1173 | D:2      | Reached XP level 3. HP: 14/16 MP: 4/10
  1283 | D:2      | Learned a level 2 spell: Call Imp
  1882 | D:3      | Found an ancient bone altar of Kikubaaqudgha.
  2339 | D:3      | Reached skill level 6 in Spellcasting
  2754 | D:4      | Found a glowing golden altar of the Shining One.
  2820 | D:4      | Found a hazy altar of Hepliaklqana.
  2830 | D:4      | Reached XP level 4. HP: 21/21 MP: 2/13
  3098 | D:5      | Entered Level 5 of the Dungeon
  3098 | D:5      | Found a shattered altar of Ashenzari.
  3106 | D:5      | Learned a level 3 spell: Mephitic Cloud
  3138 | D:5      | Noticed an ogre
  3150 | D:5      | Reached skill level 1 in Conjurations
  3490 | D:5      | Noticed Menkaure
  3543 | D:5      | Reached skill level 1 in Air Magic
  3543 | D:5      | Reached skill level 1 in Poison Magic
  3543 | D:5      | Reached XP level 5. HP: 24/24 MP: 3/15
  3648 | D:5      | Killed from afar by Menkaure

Vault maps used:
D:1:      saegor_arrival_simple_e
D:3:      kiku_gazebo_pond_becter, amethyst_killhole
D:4:      nicolae_tso_carved_into_rock, lemuel_round_altar
D:5:      cheibrodos_ashenzari_chains, first_bread, uniq_menkaure

Skill      XL: |  1  2  3  4 |
---------------+-------------+-----
Spellcasting   | 5 6 |  6.5
Conjurations   | 1 |  1.3
Air Magic      | 1 |  1.0
Poison Magic   | 1 |  1.1
Dodging        | |  3.0
Stealth        | |  3.0
Summonings     | |  0.7
Translocations | |  1.5

Action                   |  1- 3 |  4- 6 || total
-------------------------+-------+-------++-------
Melee: Dagger            |    23 |    11 ||    34
 Cast: Magic Dart        |   116 |    37 ||   153
       Repel Missiles    |     1 |       ||     1
       Call Imp          |       |     3 ||     3
Evoke: Wand              |       |     6 ||     6
  Use: Scroll            |    12 |     1 ||    13
Armor: Robe              |     2 |     4 ||     6
Dodge: Dodged            |    30 |    24 ||    54
